 Dungeon Crawl Stone Soup version 0.28-a0-1435-g82390b3a13 (webtiles) character file.

Game seed: 5338072789101869237

42 Gargoyl the Skirmisher (level 3, -3/35 HPs)
             Began as a Gnoll Abyssal Knight on Jan 9, 2022.
             Was a Follower of Lugonu.
             Succumbed to a scorpion's poison
             ... on level 2 of the Dungeon.
             The game lasted 00:01:53 (1741 turns).

Gargoyl the Skirmisher (Gnoll Abyssal Knight)       Turns: 1741, Time: 00:01:54

Health: -3/35      AC: 10    Str: 14    XL:     3   Next: 54%
Magic:  6/6        EV:  7    Int:  6    God:    Lugonu [*.....]
Gold:   109        SH:  5    Dex: 14    Spells: 3/3 levels left

rFire   . . .      SeeInvis .   a - +1 hand axe
rCold   + + .      Faith    .   (no shield)
rNeg    . . .      Spirit   .   h - +1 chain mail "Sycheaj" {rC++ rCorr Int-3 Dex+2}
rPois   .          Reflect  +   (no helmet)
rElec   .          Harm     .   (no cloak)
rCorr   +          Rampage  .   (no gloves)
Will    .....                   (no boots)
Stlth   ..........              b - amulet of reflection
HPRegen 0.11/turn               (no ring)
MPRegen 0.10/turn               (no ring)

@: lethally poisoned (-3 -> -17)
A: fangs 1, strong nose, distributed training
a: Renounce Religion, Depart the Abyss


You were on level 2 of the Dungeon.
You worshipped Lugonu.
Lugonu was aware of your devotion.
You visited 1 branch of the dungeon, and saw 2 of its levels.
You visited the Abyss 1 time.

You collected 109 gold pieces.

Inventory:

Hand Weapons
 a - a +1 hand axe (weapon)
Armour
 h - the +1 chain mail "Sycheaj" (worn) {rC++ rCorr Int-3 Dex+2}
   (You found it on level 2 of the Dungeon)

   Int:       It affects your intelligence (-3).
   Dex:       It affects your dexterity (+2).
   rC:        It greatly protects you from cold.
   rCorr:     It protects you from acid and corrosion.
Jewellery
 b - an amulet of reflection (around neck)
Potions
 c - 2 potions of heal wounds
 d - 2 potions of invisibility {unknown}
 e - a potion of resistance {unknown}
 f - a potion of attraction {unknown}
 g - a potion of berserk rage {unknown}
 i - a potion of might {unknown}


   Skills:
 + Level 6.5 Fighting
 + Level 0.8 Short Blades
 + Level 0.8 Long Blades
 + Level 4.5 Axes
 + Level 0.8 Maces & Flails
 + Level 0.8 Polearms
 + Level 0.8 Staves
 + Level 0.8 Slings
 + Level 0.8 Bows
 + Level 0.8 Crossbows
 + Level 0.8 Throwing
 + Level 4.5 Armour
 + Level 2.6 Dodging
 + Level 0.8 Stealth
 + Level 0.8 Shields
 + Level 0.8 Unarmed Combat
 + Level 0.8 Spellcasting
 + Level 0.5 Conjurations
 + Level 0.5 Hexes
 + Level 0.5 Summonings
 + Level 0.5 Necromancy
 + Level 0.5 Translocations
 + Level 0.5 Transmutations
 + Level 0.5 Fire Magic
 + Level 0.5 Ice Magic
 + Level 0.5 Air Magic
 + Level 0.5 Earth Magic
 + Level 0.5 Poison Magic
 + Level 4.6 Invocations
 + Level 0.8 Evocations


You had 3 spell levels left.
You didn't know any spells.
Your spell library contained the following spells:

 Spells                   Type           Power      Damage    Failure   Level
 Slow                     Hex            0%         N/A       100%        1
 Confusing Touch          Hex            0%         N/A       100%        3
 Vampiric Draining        Necr           0%         2d6       100%        3


Dungeon Overview and Level Annotations

Branches:
Dungeon (2/15)

Altars:


Innate Abilities, Weirdness & Mutations

You have very sharp teeth.
Your uncanny sense of smell can sniff out nearby items.
Your experience applies equally to all skills.


Message History

The scorpion is almost dead.
The scorpion stings you but does no damage.
Unknown command.
You hit the scorpion but do no damage.
The scorpion is almost dead.
The scorpion stings you.
You hit the scorpion but do no damage.
The scorpion is almost dead.
The scorpion stings you but does no damage. x2
Unknown command.
You hit the scorpion but do no damage.
The scorpion is almost dead.
The scorpion stings you but does no damage.
Unknown command.
You barely miss the scorpion.
The scorpion is almost dead.
The scorpion stings you but does no damage.
Unknown command.
You barely miss the scorpion.
The scorpion is almost dead.
The scorpion stings you.
You are poisoned.
The scorpion poisons you!
Unknown command.
You hit the scorpion.
The scorpion is almost dead.
You feel sick. The scorpion stings you.
* * * LOW HITPOINT WARNING * * *
You are lethally poisoned!
The scorpion poisons you! The scorpion closely misses you.
You hit the scorpion.
The scorpion is almost dead.
* * * LOW HITPOINT WARNING * * *
You feel very sick. The scorpion stings you.
* * * LOW HITPOINT WARNING * * *
Unknown command.
You closely miss the scorpion.
The scorpion is almost dead.
You die...

..... # #
############## ##
#............# .# .#
#............## .## .#
#......@....... ..# .#
#......s.....## #.##.#
#............# #..#.#
#............# ##.#.#
#............# #.#.#
#............#
#...###########.######
##..##..........#
###..##.##########


You could see a scorpion.

Vanquished Creatures
  2 dart slugs
  3 ball pythons (D:1)
  6 endoplasms
  4 giant cockroaches
  A goblin (D:2)
  2 hobgoblins
  A kobold (D:1)
  2 quokkas (D:1)
  5 bats
  4 frilled lizards
  6 rats
36 creatures vanquished.

Notes
Turn   | Place    | Note
-------+----------+-------------------------------------------
     0 | Abyss:1  | Gargoyl the Gnoll Abyssal Knight began the quest for the
                  | Orb.
     0 | Abyss:1  | Reached XP level 1. HP: 23/23 MP: 3/3
     0 | Abyss:1  | Found a bloodstained altar of Trog.
     1 | D:1      | Escaped the Abyss
   256 | D:1      | Reached * piety under Lugonu
   264 | D:1      | Reached XP level 2. HP: 29/29 MP: 5/5
   411 | D:1      | Found a faded altar of an unknown god.
   858 | D:1      | Reached XP level 3. HP: 33/35 MP: 6/6
  1348 | D:2      | Identified the +1 chain mail "Sycheaj" {rC++ rCorr Int-3
                  | Dex+2}
  1715 | D:2      | Noticed a scorpion
  1740 | D:2      | HP: 1/35 [scorpion (3)]
  1741 | D:2      | Succumbed to a scorpion's poison

Illustrated notes

Levels and vault maps discovered:
D:1:      mrwooster_arrival_arrow, layout_loops_corners,
          hellmonk_ecumenical_altar_heavens_door
D:2:      layout_basic, uniq_crazy_yiuf_cottage

Action                   || total
-------------------------++-------
Melee: Hand axe          ||   108
       Bite              ||    16
       Punch             ||     1
Invok: Depart the Abyss  ||     1
  Use: Scroll            ||     3
 Stab: Sleeping          ||     2
Armor: Leather armour    ||    30
       Chain mail        ||    31
Dodge: Dodged            ||    70
Block: Other             ||    14

Table legend: (Time is in decaauts)
 A = Elapsed time spent in this place.
 B = Non-inter-level travel time spent in this place.
 C = Inter-level travel time spent in this place.
 D = Time resting spent in this place.
 E = Time spent auto-exploring this place.
 F = Levels seen in this place.
 G = Mean time per level.
                   A        B        C        D        E       F      G
               +--------+--------+--------+--------+--------+-----+--------+
         Total |   1749 |   1725 |     24 |      0 |   1355 |   3 |  583.0 |
       Dungeon |   1748 |   1724 |     24 |      0 |   1355 |   2 |  874.0 |
         Abyss |      1 |      1 |      0 |      0 |      0 |   1 |    1.0 |
               +--------+--------+--------+--------+--------+-----+--------+

Top non-repeatable levels by time:
     D:1: 1293 daAuts
     D:2: 454 daAuts
 Abyss:1: 1 daAuts
